 Dungeon Crawl Stone Soup version 0.31-a0-963-ga325b2283a (webtiles) character file.

Game seed: 5264296007967493717

87 Arcadio the Chiller (level 4, -7/33 HPs)
             Began as a Ghoul Ice Elementalist on Oct 24, 2023.
             Mangled by Crazy Yiuf
             ... wielding a +2 quarterstaff of chaos
              (9 damage)
             ... on level 2 of the Dungeon.
             The game lasted 00:05:12 (1924 turns).

Arcadio the Chiller (Ghoul Ice Elementalist)        Turns: 1924, Time: 00:05:12

Health: -7/33      AC:  6    Str: 17    XL:     4   Next: 51%
Magic:  0/6        EV: 12    Int: 12    God:
Gold:   98         SH:  0    Dex:  9    Spells: 3/7 levels left

rFire   . . .        (no weapon)
rCold   + . .        (no shield)
rNeg    + + +        a - +0 robe
rPois   ∞            (no helmet)
rElec   .            (no cloak)
rCorr   .            d - +2 pair of gloves
SInv    .            j - +0 pair of boots
Will    .....        f - amulet of the acrobat
Stlth   ++           k - +6 ring of strength
HPRegen 0.00/turn    o - ring of flight
MPRegen 0.10/turn

%: acrobat
@: freezing walls, flying, inhibited regen
A: claws 1, cold resistance 1, negative energy resistance 3, inhibited
regeneration, torment resistance 2, devour on kill
a: no special abilities


You were on level 2 of the Dungeon.
You visited 1 branch of the dungeon, and saw 2 of its levels.

You collected 98 gold pieces.

Inventory:

Armour
 a - a +0 robe (worn)
 d - a +2 pair of gloves (worn)
 g - a +2 scale mail of willpower
 j - a +0 pair of boots (worn)
Jewellery
 f - an amulet of the acrobat (around neck)
 k - a +6 ring of strength (left hand)
 o - a ring of flight (right hand)
Scrolls
 c - a scroll of enchant armour
 e - a scroll of poison {unknown}
 n - a scroll of torment {unknown}
Potions
 b - a potion of magic
 h - a potion of enlightenment {unknown}
 i - 2 potions of curing
 l - a potion of heal wounds {unknown}
 m - a potion of cancellation {unknown}


   Skills:
 + Level 2.5 Dodging
 + Level 3.2 Stealth
 + Level 2.4 Spellcasting
 + Level 5.0 Ice Magic


You had 3 spell levels left.
You knew the following spells:

 Your Spells              Type           Power      Damage    Failure   Level
a - Freeze                Ice            52%        1d6       3%          1
b - Frozen Ramparts       Ice            26%        1d4       10%         3

Your spell library contained the following spells:

 Spells                   Type           Power      Damage    Failure   Level
 Ozocubu's Armour         Ice            13%        N/A       10%         3
 Volatile Blastmotes      Fire/Tloc      2%         2d10      61%         3
 Summon Ice Beast         Ice/Summ       7%         N/A       67%         4
 Fulminant Prism          Conj/Hex       0%         3d5       95%         4
 Iskenderun's Mystic Bla  Conj/Tloc      1%         2d3       95%         4


Dungeon Overview and Level Annotations

Branches:
Dungeon (2/15) Zot: 10076

Altars:

Annotations:
D:2 Crazy Yiuf


Innate Abilities, Weirdness & Mutations

You are immune to poison.
You have sharp fingernails.
Your flesh is cold resistant. (rC+)
You are immune to negative energy. (rN+++)
You do not regenerate when monsters are visible.
You are immune to unholy pain and torment.
You thrive by killing the living.


Message History

The wall freezes Crazy Yiuf.
Crazy Yiuf cries, "Cholesterol!"
Crazy Yiuf hits you with a +2 quarterstaff of chaos.
You convulse.
Casting: Frozen Ramparts (quite dangerous; 10% risk of failure)
Confirm with . or Enter, or press ? or * to list all spells.
Aiming: Freeze (safe; 3% risk of failure)
Press: ? - help, Shift-Dir - straight line, f - Crazy Yiuf
Aim: Crazy Yiuf, wielding a +2 quarterstaff of chaos and wearing a +2 cloak of preservation (moderately wounded)
You freeze Crazy Yiuf.
Crazy Yiuf is moderately wounded.
The wall freezes Crazy Yiuf but does no damage.
Crazy Yiuf misses you.
Casting: Freeze (safe; 3% risk of failure)
Confirm with . or Enter, or press ? or * to list all spells.
Aiming: Freeze (safe; 3% risk of failure)
Press: ? - help, Shift-Dir - straight line, f/p - Crazy Yiuf
Aim: Crazy Yiuf, wielding a +2 quarterstaff of chaos and wearing a +2 cloak of preservation (moderately wounded)
You freeze Crazy Yiuf.
Crazy Yiuf is moderately wounded.
The wall freezes Crazy Yiuf but does no damage.
Crazy Yiuf closely misses you.
Casting: Freeze (safe; 3% risk of failure)
Confirm with . or Enter, or press ? or * to list all spells.
Aiming: Freeze (safe; 3% risk of failure)
Press: ? - help, Shift-Dir - straight line, f/p - Crazy Yiuf
Aim: Crazy Yiuf, wielding a +2 quarterstaff of chaos and wearing a +2 cloak of preservation (moderately wounded)
You freeze Crazy Yiuf.
Crazy Yiuf is severely wounded.
The wall freezes Crazy Yiuf but does no damage.
Crazy Yiuf screams, "Scoff!"
Crazy Yiuf hits you with a +2 quarterstaff of chaos!
* * * LOW HITPOINT WARNING * * *
Crazy Yiuf burns you.
* * * LOW HITPOINT WARNING * * *
You barely miss Crazy Yiuf.
Crazy Yiuf is severely wounded.
The wall freezes Crazy Yiuf but does no damage.
Crazy Yiuf hits you with a +2 quarterstaff of chaos!
You die...

####♣♣ ### ###))#)♣♣
♣♣#..)#
#####...).))♣♣♣♣@g...#
#########
...##.#)).)).♣..♣#...#
#........
#####.##)#).♣.♣♣♣ ###
#........
###...####♣♣♣♣♣
#........ ....###
#........ ..### #####
###.###.### #.#####
#####...# #...# #.#
......# #.......#
#.#####.### #.###.#
#.......# #.# #......


You could see Crazy Yiuf.

Vanquished Creatures
  3 adders (D:2)
  A worm (D:2)
  3 dart slugs
  5 ball pythons (D:1)
  6 endoplasms
  2 giant cockroaches (D:1)
  3 goblins (D:1)
  5 hobgoblins
  2 jackals (D:1)
  4 kobolds
  7 bats
  4 frilled lizards
  5 rats
50 creatures vanquished.

Notes
Turn   | Place    | Note
-------+----------+-------------------------------------------
     0 | D:1      | Arcadio the Ghoul Ice Elementalist began the quest for the
                  | Orb.
     0 | D:1      | Reached XP level 1. HP: 14/14 MP: 2/2
   116 | D:1      | Reached XP level 2. HP: 20/20 MP: 0/3
   448 | D:1      | Reached XP level 3. HP: 15/26 MP: 1/5
   452 | D:1      | Learned a level 3 spell: Frozen Ramparts
  1306 | D:2      | Reached XP level 4. HP: 33/33 MP: 1/6
  1547 | D:2      | Found a runed translucent door.
  1548 | D:2      | Noticed Crazy Yiuf
  1667 | D:2      | Reached skill level 5 in Ice Magic
  1924 | D:2      | Mangled by Crazy Yiuf

Illustrated notes

Levels and vault maps discovered:
D:1:      sevenhm_arrival_forest_fort_small_6, layout_rooms,
          hangedman_abyss_or_decor_stabs
D:2:      layout_basic, uniq_crazy_yiuf_cottage

Skill      XL: |  1  2  3  4 |
---------------+-------------+-----
Dodging        | 2 |  2.5
Spellcasting   | 2 |  2.4
Stealth        | 3 |  3.2
Ice Magic      | 5 |  5.0

Action                     |  1- 3 |  4- 6 || total
---------------------------+-------+-------++-------
  Melee: Unarmed           |   126 |    14 ||   140
         Punch             |     3 |       ||     3
   Cast: Freeze            |    42 |    16 ||    58
         Frozen Ramparts   |       |     1 ||     1
    Use: Scroll            |     2 |       ||     2
   Stab: Sleeping          |     2 |       ||     2
 Armour: Robe              |    89 |    12 ||   101
  Dodge: Dodged            |   129 |    20 ||   149

Table legend: (Time is in decaauts)
 A = Elapsed time spent in this place.
 B = Non-inter-level travel time spent in this place.
 C = Inter-level travel time spent in this place.
 D = Time resting spent in this place.
 E = Time spent auto-exploring this place.
 F = Levels seen in this place.
 G = Mean time per level.
                   A        B        C        D        E       F      G
               +--------+--------+--------+--------+--------+-----+--------+
         Total |   1922 |   1891 |     31 |     23 |   1389 |   2 |  961.0 |
       Dungeon |   1922 |   1891 |     31 |     23 |   1389 |   2 |  961.0 |
               +--------+--------+--------+--------+--------+-----+--------+

Top non-repeatable levels by time:
     D:1: 977 daAuts
     D:2: 945 daAuts
